 Dungeon Crawl Stone Soup version 0.23.0 (webtiles) character file.

Game seed: 10125870973230945715

481 Jethus the Skirmisher (level 6, -3/58 HPs)
             Began as a Minotaur Berserker on Feb 19, 2019.
             Was a Priest of Trog.
             Slain by a gnoll
             ... wielding a +0 flail
              (7 damage)
             ... on level 3 of the Dungeon.
             The game lasted 00:08:43 (3923 turns).

Jethus the Skirmisher (Minotaur Berserker)          Turns: 3923, Time: 00:08:43

Health: -3/58      AC:  5    Str: 24    XL:     6   Next: 87%
Magic:  5/5        EV: 13    Int:  4    God:    Trog [***...]
Gold:   146        SH:  0    Dex:  9    Spells: 5/5 levels left

rFire    x . .     SeeInvis .   a - +0 hand axe
rCold    + . .     Gourm    .   (no shield)
rNeg     . . .     Faith    .   b - +0 animal skin
rPois    .         Spirit   .   (helmet restricted)
rElec    .         Reflect  .   (no cloak)
rCorr    .         Harm     .   s - +2 pair of gloves
MR       .....                  (no boots)
Stlth    +.........             j - amulet of the acrobat
HPRegen  0.19/turn              q - ring of ice
MPRegen  0.09/turn              (no ring)

@: marked, berserk cooldown, slowed, very slow
A: retaliatory headbutt, horns 2
a: Berserk, Trog's Hand, Renounce Religion


You were on level 3 of the Dungeon.
You worshipped Trog.
Trog was most pleased with you.
You were very hungry.

You visited 1 branch of the dungeon, and saw 3 of its levels.

You collected 146 gold pieces.

Inventory:

Hand Weapons
 a - a +0 hand axe (weapon)
Missiles
 k - 8 javelins of returning (quivered)
Armour
 b - a +0 animal skin (worn)
 s - a +2 pair of gloves (worn)
Jewellery
 j - an amulet of the acrobat (around neck)
 q - a ring of ice (left hand)
Scrolls
 h - a scroll of identify
 o - a scroll of remove curse
Potions
 d - a potion of cancellation
 e - a potion of agility {unknown}
 f - 2 potions of brilliance {unknown}
 g - 2 potions of lignification {unknown}
 i - a potion of berserk rage {unknown}
 m - 2 potions of curing {unknown}
 n - a potion of magic {unknown}
 p - a potion of degeneration {unknown}
Comestibles
 c - 3 rations
 r - 4 chunks of flesh


   Skills:
 * Level 6.4 Fighting
 + Level 5.3 Axes
 + Level 4.5 Armour
 + Level 4.1 Dodging


You had 5 spell levels left.
You didn't know any spells.
Your spell library was empty.

Dungeon Overview and Level Annotations

Branches:
Dungeon (3/15)

Altars:
Gozag


Innate Abilities, Weirdness & Mutations

You reflexively headbutt those who attack you in melee.
You have a pair of horns on your head.


Message History

A bat comes into view.
The gnoll hits you with a +0 flail.
A gnoll comes into view. It is wielding a +0 spear.
The gnoll hits you with a +0 spear!
* * * LOW HITPOINT WARNING * * *
The gnoll closely misses you.
The gnoll shaman hits you but does no damage.
The gnoll hits you from afar with a +0 spear.
* * * LOW HITPOINT WARNING * * *
You closely miss the gnoll.
The gnoll is moderately wounded.
You hit the gnoll but do no damage. You hit the gnoll.
You kill the gnoll!
Trog accepts your kill.
You barely miss the gnoll shaman.
A bat comes into view. x2
The gnoll hits you from afar with a +0 spear.
* * * LOW HITPOINT WARNING * * *
The gnoll hits you with a +0 flail!
You die...

.................................
≈≈≈≈≈≈≈≈≈≈≈≈≈....≈≈≈≈≈≈≈≈≈≈≈≈≈≈≈≈
≈≈≈≈≈≈≈≈≈≈b≈≈.g..≈≈≈≈≈≈≈≈≈≈≈≈≈≈≈≈
#≈≈≈≈≈≈≈≈≈≈b≈.)..≈≈≈≈≈≈≈≈≈≈≈≈####
#.............)..............#ggg
#############b'''#############...
# ..... #.).(#.....^.# #+##
.....g#))gg#g..[...# #.
....g.gg((@ggg.g)).# #.
##################'# #. # #. #)
#[ #. #. # #'##
##############################...


You could see 2 gnoll shamans, 10 gnolls and 3 bats.

Vanquished Creatures
  4 gnoll shamans (D:3)
  19 gnolls
  6 adders
  2 oozes
  2 worms (D:2)
  4 orcs (D:3)
  3 ball pythons
  7 giant cockroaches
  5 hobgoblins
  28 jackals
  2 quokkas (D:2)
  7 bats
  3 frilled lizards
  7 goblins
  12 kobolds
  9 rats
120 creatures vanquished.

Notes
Turn   | Place    | Note
-------+----------+-------------------------------------------
     0 | D:1      | Jethus the Minotaur Berserker began the quest for the Orb.
     0 | D:1      | Reached XP level 1. HP: 19/19 MP: 0/0
   276 | D:1      | Reached XP level 2. HP: 16/27 MP: 1/1
   794 | D:1      | Reached skill level 4 in Fighting
  1368 | D:2      | Reached XP level 3. HP: 18/33 MP: 2/2
  1709 | D:2      | Found an opulent altar of Gozag.
  1839 | D:2      | Reached ** piety under Trog
  2301 | D:2      | Reached XP level 4. HP: 38/41 MP: 3/3
  2944 | D:3      | Reached skill level 5 in Fighting
  3088 | D:3      | Reached XP level 5. HP: 40/48 MP: 4/4
  3114 | D:3      | Reached *** piety under Trog
  3425 | D:3      | Reached XP level 6. HP: 57/57 MP: 5/5
  3427 | D:3      | Reached skill level 5 in Axes
  3457 | D:3      | Reached skill level 6 in Fighting
  3923 | D:3      | Slain by a gnoll

Skill      XL: |  1  2  3  4  5  6 |
---------------+-------------------+-----
Fighting       | 4 5 6 |  6.4
Axes           | 4 5 |  5.3
Armour         | 3 4 |  4.5
Dodging        | 3 4 |  4.1

Action                   |  1- 3 |  4- 6 || total
-------------------------+-------+-------++-------
Melee: Hand axe          |    92 |   148 ||   240
       Headbutt          |     8 |    32 ||    40
Invok: Berserk           |     1 |     3 ||     4
  Use: Scroll            |       |     4 ||     4
  Eat: Chunk             |     5 |     7 ||    12
Armor: Animal skin       |    20 |    18 ||    38
Dodge: Dodged            |    76 |   131 ||   207
